 Dungeon Crawl Stone Soup version 0.27-a0-1501-g9d6fb14e67 (webtiles) character file.

Game seed: 16393717340486014779

9 MacCMillion the Vexing (level 2, 16/16 HPs)
             Began as a Kobold Arcane Marksman on July 8, 2021.
             Quit the game on level 2 of the Dungeon.
             The game lasted 00:01:51 (46 turns).

MacCMillion the Vexing (Kobold Arcane Marksman)       Turns: 46, Time: 00:01:52

Health: 16/16      AC:  2    Str:  7    XL:     2   Next: 25%
Magic:  3/3        EV: 15    Int: 14    God:
Gold:   0          SH:  0    Dex: 15    Spells: 2/3 levels left

rFire    . . .     SeeInvis .   a - +0 hunting sling
rCold    . . .     Faith    .   (shield restricted)
rNeg     . . .     Spirit   .   d - +0 robe
rPois    .         Reflect  .   (no helmet)
rElec    .         Harm     .   (no cloak)
rCorr    .         Rampage  .   (no gloves)
Will     .....                  (no boots)
Stlth    +++.......             (no amulet)
HPRegen  0.05/turn              (no ring)
MPRegen  0.08/turn              (no ring)

@: no status effects
A: small, no large weapons, nightstalker 3
a: no special abilities


You were on level 2 of the Dungeon.
You visited 1 branch of the dungeon, and saw 2 of its levels.

Inventory:

Hand Weapons
 a - a +0 hunting sling (weapon)
Missiles
 c - 19 sling bullets (quivered ammo)
Armour
 d - a +0 robe (worn)
Potions
 b - a potion of might {unknown}


   Skills:
 - Level 1.1 Fighting
 + Level 2.4 Slings
 - Level 2.4 Dodging
 + Level 1.8 Stealth
 - Level 1.1 Spellcasting
 - Level 3.0 Hexes


You had 2 spell levels left.
You knew the following spells:

 Your Spells              Type           Power      Damage    Failure   Level
a - Corona                Hex            10%        N/A       8%          1

Your spell library contained the following spells:

 Spells                   Type           Power      Damage    Failure   Level
 Slow                     Hex            9%         N/A       12%         2
 Inner Flame              Hex/Fire       4%         N/A       38%         3
 Portal Projectile        Hex/Tloc       8%         N/A       38%         3
 Cause Fear               Hex            4%         N/A       58%         4


Dungeon Overview and Level Annotations

Branches:
Dungeon (1/15)

Altars:


Innate Abilities, Weirdness & Mutations

You are small and have problems with some larger weapons.
You are completely attuned to the shadows.


Message History

Okay, then.
Found a twisted jewelled staff.
Okay, then.
Fire: 20 sling bullets
Press: ? - help, Q - select action, (/) - cycle Shift-Dir - straight line, f - adder
Aim: an adder (asleep, 98% to hit)
You shoot a sling bullet. The sling bullet hits the adder.
The adder hisses angrily.
The adder is moderately wounded.
Fire: 19 sling bullets
Press: ? - help, Q - select action, (/) - cycle Shift-Dir - straight line, f/p - adder
Aim: an adder (moderately wounded, 40% to hit)
You shoot a sling bullet. The sling bullet hits the adder!
The adder is almost dead.
Unknown command.
Fire: 18 sling bullets
Press: ? - help, Q - select action, (/) - cycle Shift-Dir - straight line, f/p - adder
Aim: an adder (almost dead, 40% to hit)
You shoot a sling bullet.
The sling bullet closely misses the adder.
The adder closely misses you. x2
Fire: 17 sling bullets
Press: ? - help, Q - select action, (/) - cycle Shift-Dir - straight line, f/p - adder
Aim: an adder (almost dead, 40% to hit)
You shoot a sling bullet. The sling bullet misses the adder.
The adder completely misses you.
Unknown command.
Fire: 16 sling bullets
Press: ? - help, Q - select action, (/) - cycle Shift-Dir - straight line, f/p - adder
Aim: an adder (almost dead, 40% to hit)
You shoot a sling bullet. The sling bullet hits the adder.
You kill the adder!
Your Stealth skill increases to level 1!
You have reached level 2!
c - 16 sling bullets (gained 1)
c - 17 sling bullets (gained 1)
c - 18 sling bullets (gained 1)
c - 19 sling bullets (gained 1) Unknown command.
Are you sure you want to abandon this character and quit the game? (Confirm with "yes".)

#.# #. #.#
#.# #.#
#..#####.##
#.......@.#
#.........#
#.........#
#..#####.##
#.| #.# #..
#.#


There were no monsters in sight!

Vanquished Creatures
  An adder (D:2)
1 creature vanquished.

Notes
Turn   | Place    | Note
-------+----------+-------------------------------------------
     0 | D:1      | MacCMillion the Kobold Arcane Marksman began the quest for
                  | the Orb.
     0 | D:1      | Reached XP level 1. HP: 12/12 MP: 2/2
    24 | D:1      | You fall into a shaft and drop 1 floor!
    33 | D:2      | Reached skill level 1 in Stealth
    33 | D:2      | Reached XP level 2. HP: 16/16 MP: 3/3
    46 | D:2      | Quit the game

Illustrated notes

Levels and vault maps discovered:
D:1:      nicolae_arrival_memento_mori, layout_loops_ring,
          chequers_serial_rivers_micro_b
D:2:      layout_basic, shapermc_ecumenical_altar_mp_urbaneastern, uniq_sigmund

Skill      XL: |  1 |
---------------+----+-----
Stealth        | 1 |  1.8
Fighting       | |  1.1
Slings         | |  2.4
Dodging        | |  2.4
Spellcasting   | |  1.1
Hexes          | |  3.0

Action                   || total
-------------------------++-------
 Fire: Hunting sling     ||     5
Dodge: Dodged            ||     3

Table legend: (Time is in decaauts)
 A = Elapsed time spent in this place.
 B = Non-inter-level travel time spent in this place.
 C = Inter-level travel time spent in this place.
 D = Time resting spent in this place.
 E = Time spent auto-exploring this place.
 F = Levels seen in this place.
 G = Mean time per level.
                   A        B        C        D        E       F      G
               +--------+--------+--------+--------+--------+-----+--------+
         Total |     46 |     46 |      0 |      0 |      0 |   2 |   23.0 |
       Dungeon |     46 |     46 |      0 |      0 |      0 |   2 |   23.0 |
               +--------+--------+--------+--------+--------+-----+--------+

Top non-repeatable levels by time:
     D:1: 24 daAuts
     D:2: 22 daAuts
